 Dungeon Crawl Stone Soup version 0.30.1 (webtiles) character file.

Game seed: 18009008581496867385

483 FallenXxXSky the Chopper (level 6, -2/51 HPs)
             Began as a Draconian Wanderer on July 8, 2023.
             Was an Initiate of Trog.
             Shot with an arrow by a centaur (9 damage)
             ... on level 5 of the Dungeon.
             The game lasted 00:06:13 (3887 turns).

FallenXxXSky the Chopper (Draconian Wanderer)       Turns: 3887, Time: 00:06:14

Health: -2/51      AC:  6    Str: 13    XL:     6   Next: 87%
Magic:  6/6        EV: 11    Int: 12    God:    Trog [......]
Gold:   166        SH:  5    Dex: 14    Spells: 5/5 levels left

rFire   . . .        g - +0 hand axe
rCold   . . .        d - +0 buckler
rNeg    . . .        (body armour unavailable)
rPois   .            (helmet restricted)
rElec   .            (no cloak)
rCorr   .            (no gloves)
SInv    +            (no boots)
Will    .....        (no amulet)
Stlth   +            a - ring of see invisible
HPRegen 0.28/turn    (no ring)
MPRegen 0.10/turn

%: no passive effects
@: about to teleport
A: AC +6, unfitting armour, cold-blooded
a: Renounce Religion


You were on level 5 of the Dungeon.
You worshipped Trog.
Trog was noncommittal.
You visited 2 branches of the dungeon, and saw 6 of its levels.

You collected 166 gold pieces.

Inventory:

Hand Weapons
 g - a +0 hand axe (weapon)
Missiles
 b - 3 curare-tipped darts (quivered)
 h - 6 poisoned darts
Armour
 d - a +0 buckler (worn)
Jewellery
 a - a ring of see invisible (left hand)
Scrolls
 e - a scroll of identify
 i - 2 scrolls of summoning
 j - a scroll of teleportation
 l - a scroll of immolation {unknown}
 m - a scroll of magic mapping {unknown}
 n - a scroll of vulnerability
 o - a scroll of amnesia {unknown}
Potions
 c - 2 potions of haste


   Skills:
 - Level 3.1 Fighting
 - Level 3.0 Long Blades
 * Level 5.3 Axes
 - Level 1.7 Throwing
 - Level 1.5 Dodging
 - Level 4.0 Shields
 - Level 1.0 Evocations


You had 5 spell levels left.
You didn't know any spells.
Your spell library was empty.

Dungeon Overview and Level Annotations

Branches:
Dungeon (5/15)             Temple (1/1) D:5

Altars:
Dithmenos
Fedhas
Gozag
Hepliaklqana
Kikubaaqudgha
Qazlal
Ru
Trog
Uskayaw
Vehumet
Xom
Zin
The Shining One

Annotations:
D:5 2 transporters, 0gre's ghost, amateur GnIE; Sigmund


Innate Abilities, Weirdness & Mutations

Your plain brown scales are hard. (AC +6)
You cannot fit into any form of body armour.
You are cold-blooded and may be slowed by cold attacks.


Message History

You hit the centaur. You tail-slap the centaur.
The centaur is lightly wounded.
The centaur hits you but does no damage.
The centaur barely misses you. You block Sigmund's attack.
The centaur closely misses you. You block the centaur's attack.
You hit the centaur.
You tail-slap the centaur, but do no damage.
The centaur is moderately wounded.
You block the centaur's attack. The centaur misses you.
Your quokka bites the centaur.
Sigmund hits you from afar with a +0 scythe.
Your dart slug launches a dart at Sigmund.
The slug dart hits Sigmund.
The centaur hits you but does no damage.
The centaur kicks you but does no damage.
You closely miss the centaur.
The centaur is heavily wounded.
Your quokka closely misses the centaur.
The centaur hits you. The centaur kicks you.
Your dart slug bites Sigmund.
You hit the centaur but do no damage.
The centaur is heavily wounded.
The centaur barely misses you. You block the centaur's attack.
Sigmund hits you from afar with a +0 scythe.
* * * LOW HITPOINT WARNING * * *
Your quokka bites the centaur.
The centaur hits you.
* * * LOW HITPOINT WARNING * * *
The centaur kicks you but does no damage.
As you read the scroll of teleportation, it crumbles to dust.
You feel strangely unstable.
Your quokka bites the centaur but does no damage.
The centaur closely misses you. The centaur barely misses you.
Your dart slug bites Sigmund but does no damage.
Sigmund hits you from afar with a +0 scythe.
* * * LOW HITPOINT WARNING * * *
Your quokka bites the centaur.
The centaur attacks as you move away!
The centaur hits you but does no damage.
The centaur closely misses you.
The centaur wields a +0 shortbow.
The centaur shoots an arrow.
The arrow hits you!
You die...

### ..# #####.#
...#.####### ##
#.###.#@......### #.
......w.r.....#8## #.
#..###...c.......[## #.
...)..?@##+###.....####.
#######!##..........8##.
#....##.....#.....##.
#.#####.....#8.....##
#.##..'.....###.....#
#.##.##.....# ##.....
#.##.##...### #⌠....
#.##.##..[..# ##.....
#.##.##.....###.†...#


You could see Sigmund (ally target), a centaur (ally target), a friendly dart
slug (summoned) and a friendly quokka (summoned).

Vanquished Creatures
  A phantom (D:5)
  2 scorpions
  3 hounds
  A sleepcap (D:5)
  5 adders
  4 gnolls
  A worm (D:3)
  4 dart slugs
  5 orcs
  3 ball pythons
  3 endoplasms
  3 giant cockroaches
  8 goblins
  9 hobgoblins
  6 jackals (D:3)
  7 kobolds
  11 bats
  A frilled lizard (D:2)
  8 rats
85 creatures vanquished.

Notes
Turn   | Place    | Note
-------+----------+-------------------------------------------
     0 | D:1      | FallenXxXSky the Draconian Wanderer began the quest for the
                  | Orb.
     0 | D:1      | FallenXxXSky set off with the following items: a +2 dagger,
                  | 3 curare-tipped darts, a +0 falchion, a +0 buckler, a
                  | potion of curing.
     0 | D:1      | Reached XP level 1. HP: 17/17 MP: 1/1
   136 | D:1      | Reached skill level 1 in Dodging
   136 | D:1      | Reached XP level 2. HP: 25/25 MP: 2/2
   537 | D:1      | Reached XP level 3. HP: 30/31 MP: 3/3
   930 | D:2      | Reached skill level 1 in Axes
  1068 | D:2      | Found a faded altar of an unknown god.
  1257 | D:2      | Reached XP level 4. HP: 38/38 MP: 4/4
  1396 | D:3      | Reached skill level 2 in Axes
  1472 | D:3      | Found a hide-covered altar of Uskayaw.
  1746 | D:3      | Found a shimmering altar of Xom.
  2279 | D:4      | Noticed a scorpion
  2297 | D:4      | Killed a scorpion
  2297 | D:4      | HP: 1/38 [poisoned by a scorpion]
  2298 | D:4      | Reached skill level 3 in Axes
  2298 | D:4      | Reached XP level 5. HP: 1/45 MP: 5/5
  2819 | D:5      | Entered Level 5 of the Dungeon
  2841 | D:5      | Reached skill level 4 in Axes
  2901 | D:5      | Found a staircase to the Ecumenical Temple.
  2915 | Temple   | Entered the Ecumenical Temple
  2932 | Temple   | Became a worshipper of Trog the Wrathful
  2956 | D:5      | Reached XP level 6. HP: 40/51 MP: 6/6
  3550 | D:5      | Noticed 0gre's ghost (amateur GnIE)
  3551 | D:5      | Found a transporter.
  3553 | D:5      | Found a transporter.
  3841 | D:5      | Reached skill level 5 in Axes
  3873 | D:5      | Noticed Sigmund
  3887 | D:5      | Shot with an arrow by a centaur

Illustrated notes

Levels and vault maps discovered:
D:1:      dpeg_arrival_pond, layout_loops_ring
D:2:      layout_basic, basic_ecumenical_altar
D:3:      layout_loops_cross, lemuel_doored_altar,
          nicolae_overflow_crystal_walls
D:4:      layout_basic, mrwooster_statue_mirror
D:5:      layout_basic, makhleb_altar_promises_db, minmay_temple_entry_wispy,
          gammafunk_ghost_smash, serial_corexii_hall, chequers_hall_statues_y,
          corexii_hall_statues_x, uniq_sigmund
Temple:   minmay_freezing_vapour_temple

Skill      XL: |  1  2  3  4  5  6 |
---------------+-------------------+-----
Dodging        | 1 |  1.5
Fighting       | 3 |  3.1
Axes           | 1 3 4 5 |  5.3
Shields        | 3 4 |  4.0
Long Blades    | |  3.0
Throwing       | |  1.7
Evocations     | |  1.0

Action                     |  1- 3 |  4- 6 || total
---------------------------+-------+-------++-------
  Melee: Dagger            |    53 |       ||    53
         Tailslap          |    15 |    38 ||    53
         Hand axe          |    86 |   239 ||   325
    Use: Scroll            |       |     7 ||     7
         Potion            |       |     6 ||     6
   Stab: Sleeping          |     2 |     4 ||     6
 Armour: Skin              |    54 |    92 ||   146
  Dodge: Dodged            |    72 |   180 ||   252
  Block: Buckler           |    36 |    78 ||   114
